 Dungeon Crawl Stone Soup version 0.31-a0-523-g071a6c1ffa (webtiles) character file.

Game seed: 12749688848918034373

576 jasper the Skirmisher (level 7, 0/33 HPs)
             Began as a Spriggan Hunter on Aug 11, 2023.
             Was a Priest of Makhleb.
             Slain by a shadow imp (1 damage)
             ... on level 4 of the Dungeon.
             The game lasted 00:05:12 (3745 turns).

jasper the Skirmisher (Spriggan Hunter)             Turns: 3745, Time: 00:05:12

Health: 0/33       AC:  2    Str:  7    XL:     7   Next: 12%
Magic:  8/8        EV: 18    Int: 11    God:    Makhleb [***...]
Gold:   263        SH:  0    Dex: 20    Spells: 6/6 levels left

rFire   . . .        a - +0 shortbow (heavy)
rCold   . . .        (shield currently unavailable)
rNeg    . . .        c - +0 robe
rPois   .            (helmet restricted)
rElec   .            (no cloak)
rCorr   .            (gloves unavailable)
SInv    +            (boots unavailable)
Will    +....        (no amulet)
Stlth   ++           (no ring)
HPRegen 0.25/turn    (no ring)
MPRegen 0.11/turn

%: no passive effects
@: lethally poisoned (0 -> -11), very quick
A: very small, no large weapons, unfitting armour, see invisible, speed 3
a: Renounce Religion, Minor Destruction, Lesser Servant of Makhleb


You were on level 4 of the Dungeon.
You worshipped Makhleb.
Makhleb was most pleased with you.
You visited 1 branch of the dungeon, and saw 5 of its levels.

You collected 263 gold pieces.

Inventory:

Hand Weapons
 a - a +0 heavy shortbow (weapon)
Missiles
 f - 5 poisoned darts
 i - 2 throwing nets
 j - 4 atropa-tipped darts
Armour
 c - a +0 robe (worn)
Jewellery
 d - a +6 ring of intelligence
 o - a ring of magical power
Scrolls
 b - a scroll of butterflies
 g - a scroll of blinking
Potions
 e - a potion of invisibility
 h - 2 potions of degeneration
 k - a potion of enlightenment {unknown}
 l - 2 potions of mutation {unknown}


   Skills:
 - Level 1.5 Fighting
 + Level 8.7 Ranged Weapons
 - Level 2.6 Dodging
 - Level 1.5 Stealth


You had 6 spell levels left.
You didn't know any spells.
Your spell library contained the following spells:

 Spells                   Type           Power      Damage    Failure   Level
 Sandblast                Erth           0%         2d4       34%         1
 Lesser Beckoning         Tloc           0%         N/A       47%         2
 Passwall                 Tmut/Erth      0%         N/A       47%         2
 Gell's Gravitas          Tloc           0%         N/A       71%         3
 Stone Arrow              Conj/Erth      0%         3d7       71%         3
 Teleport Other           Tloc           0%         N/A       71%         3


Dungeon Overview and Level Annotations

Branches:
Dungeon (5/15)
 Temple: D:4-7

Altars:
Makhleb
Uskayaw


Innate Abilities, Weirdness & Mutations

You are very small and have problems with some larger weapons.
You are too small for most types of armour.
You have supernaturally acute eyesight. (SInv)
You cover ground extremely quickly. (Speed+++)


Message History

You take 4 damage, and have 29/33 hp.
You feel very sick.
The shadow imp laughs crazily.
The shadow imp closely misses you. The scorpion stings you.
You climb upwards.
You feel very sick.
There is a stone staircase leading down here.
You take 9 damage, and have 20/33 hp.
MASSIVE DAMAGE!!
Fire: a) +0 shortbow (heavy)
Press: ? - help, Q - select action, (/) - cycle Shift-Dir - straight line, f - shadow imp
Aim: a shadow imp (63% to hit)
You shoot an arrow. The arrow barely misses the shadow imp.
You feel sick.
The shadow imp hits you but does no damage.
The scorpion stings you.
You are more poisoned.
The scorpion poisons you! The shadow imp barely misses you.
The scorpion stings you.
You are more poisoned.
The scorpion poisons you!
You take 8 damage, and have 12/33 hp.
MASSIVE DAMAGE!!
Fire: a) +0 shortbow (heavy)
Press: ? - help, Q - select action, (/) - cycle Shift-Dir - straight line, f/p - shadow imp
Aim: a shadow imp (63% to hit)
You shoot an arrow.
The arrow completely misses the shadow imp.
* * * LOW HITPOINT WARNING * * *
You feel extremely sick. The scorpion barely misses you.
The shadow imp hits you but does no damage.
You take 7 damage, and have 5/33 hp.
MASSIVE DAMAGE!!
Fire: a) +0 shortbow (heavy)
Press: ? - help, Q - select action, (/) - cycle Shift-Dir - straight line, f/p - shadow imp
Aim: a shadow imp (63% to hit)
You shoot an arrow. The arrow hits the shadow imp.
The shadow imp is lightly wounded.
* * * LOW HITPOINT WARNING * * *
You feel very sick. The scorpion barely misses you. The shadow imp hits you.
You die...

....#+#...........#
..................#
........######'####
#.#.........##..#######
#.#...................#
#.#....#####.##.#####.#
#.#.#.........#.## #.#
#.#.#########..s.# #.#
#.#............5@# #.#
#.###########.#### #.# #.#
########.# #.#
.#####......#.# #.#
##...######.#.#######.#
.......##...#.........#
..###...#...#......#..#
.##)##..###.#.####.#..#
.##....####.#.<###.#..#######


You could see a scorpion and a shadow imp.

Vanquished Creatures
  An ogre (D:4)
  2 phantoms (D:4)
  A sleepcap (D:4)
  An iguana (D:4)
  An orc wizard (D:4)
  8 gnolls
  7 adders
  3 worms
  5 dart slugs
  11 orcs (D:4)
  10 endoplasms
  5 giant cockroaches
  7 goblins
  8 hobgoblins
  5 jackals
  5 kobolds
  2 quokkas (D:1)
  6 ball pythons
  11 bats
  3 frilled lizards
  A rat (D:2)
103 creatures vanquished.

Notes
Turn   | Place    | Note
-------+----------+-------------------------------------------
     0 | D:1      | jasper the Spriggan Hunter began the quest for the Orb.
     0 | D:1      | Reached XP level 1. HP: 10/10 MP: 2/2
     7 | D:1      | Noticed a killer bee
     7 | D:1      | Noticed a black bear
     7 | D:1      | Noticed a swamp drake
     8 | D:1      | Noticed a salamander
    88 | D:1      | Reached XP level 2. HP: 3/14 MP: 3/3
   405 | D:1      | Reached skill level 5 in Ranged Weapons
   458 | D:1      | Reached XP level 3. HP: 18/18 MP: 4/4
   756 | D:2      | Found a hide-covered altar of Uskayaw.
  1009 | D:2      | Found a faded altar of an unknown god.
  1021 | D:2      | Prayed at the altar of an unknown god.
  1021 | D:2      | Became a worshipper of Makhleb the Destroyer
  1021 | D:2      | Reached * piety under Makhleb
  1083 | D:2      | Reached XP level 4. HP: 18/22 MP: 5/5
  1195 | D:2      | Reached skill level 6 in Ranged Weapons
  1697 | D:3      | Reached XP level 5. HP: 25/25 MP: 6/6
  1894 | D:3      | Reached ** piety under Makhleb
  2686 | D:4      | Noticed a phantom
  2703 | D:4      | Killed a phantom
  2704 | D:4      | Reached skill level 7 in Ranged Weapons
  2704 | D:4      | Reached XP level 6. HP: 11/30 MP: 7/7
  3025 | D:4      | Reached skill level 8 in Ranged Weapons
  3564 | D:4      | Reached XP level 7. HP: 33/33 MP: 8/8
  3616 | D:4      | Reached *** piety under Makhleb
  3738 | D:5      | Entered Level 5 of the Dungeon
  3745 | D:4      | HP: 1/33 [poisoned by a scorpion]
  3745 | D:4      | Slain by a shadow imp

Illustrated notes

Levels and vault maps discovered:
D:1:      onia_arrival_zoo_common, layout_loops_ring
D:2:      layout_basic, basic_altar, ebering_ecumenical_altar_rust, minivault_4
D:3:      layout_basic
D:4:      layout_basic, minmay_puff
D:5:      layout_gridville, nicolae_wu_jian_glorious_leap,
          minmay_misc_feat_enclosed, nicolae_shop_i_like_small_books_too,
          hangedman_minor_gate_pass, uniq_sigmund, uniq_crazy_yiuf_cottage

Skill      XL: |  1  2  3  4  5  6 |
---------------+-------------------+-----
Ranged Weapons | 5 6 7 8 |  8.7
Fighting       | |  1.5
Dodging        | |  2.6
Stealth        | |  1.5

Action                     |  1- 3 |  4- 6 |  7- 9 || total
---------------------------+-------+-------+-------++-------
   Fire: Shortbow          |    95 |   177 |    21 ||   293
    Use: Scroll            |       |     5 |     2 ||     7
 Armour: Robe              |       |     8 |     2 ||    10
  Dodge: Dodged            |    33 |    88 |    17 ||   138

Table legend: (Time is in decaauts)
 A = Elapsed time spent in this place.
 B = Non-inter-level travel time spent in this place.
 C = Inter-level travel time spent in this place.
 D = Time resting spent in this place.
 E = Time spent auto-exploring this place.
 F = Levels seen in this place.
 G = Mean time per level.
                   A        B        C        D        E       F      G
               +--------+--------+--------+--------+--------+-----+--------+
         Total |   2653 |   2587 |     66 |    100 |   1918 |   5 |  530.6 |
       Dungeon |   2653 |   2587 |     66 |    100 |   1918 |   5 |  530.6 |
               +--------+--------+--------+--------+--------+-----+--------+

Top non-repeatable levels by time:
     D:4: 880 daAuts
     D:3: 692 daAuts
     D:2: 564 daAuts
     D:1: 511 daAuts
     D:5: 4 daAuts
